 Dungeon Crawl Stone Soup version 0.18.1-50-g88ac8fd (webtiles) character file.

39 magog001 the Shooter (level 3, -1/29 HPs)
             Began as a Centaur Hunter on Mar 16, 2017.
             Slain by a goblin (4 damage)
             ... led by Robin
             ... on level 1 of the Dungeon.
             The game lasted 00:07:20 (875 turns).

magog001 the Shooter (Centaur Hunter)                Turns: 875, Time: 00:07:22

Health: -1/29      AC:  4    Str: 15    XL:     3   Next: 28%
Magic:  3/3        EV:  9    Int: 10    God:
Gold:   61         SH:  0    Dex:  9    Spells: 0 memorised, 2 levels left

rFire  . . .     SeeInvis .     b - +0 short sword
rCold  . . .     Gourm    .     c - +0 leather armour
rNeg   . . .     Faith    .     (no shield)
rPois  .         Spirit   .     (no helmet)
rElec  .         Dismiss  .     (no cloak)
rCorr  .         Reflect  .     (no gloves)
SustAt .         Harm     .     (no barding)
MR     .....                    t - amulet of magic regeneration
Stlth  +.........               (no ring)
                                (no ring)

@: lethally poisoned (-1 -> -13), very quick, not resistant to hostile
enchantments, very unstealthy
A: hooves 3, deformed body, speed 2, tough skin 3
a: no special abilities


You were on level 1 of the Dungeon.
You were not hungry.

You visited 1 branch of the dungeon, and saw 2 of its levels.

You collected 61 gold pieces.

Inventory:

Hand Weapons
 a - a +1 shortbow
 b - a +0 short sword (weapon)
Missiles
 d - 4 arrows
 j - 15 poisoned needles
 l - 15 bolts
 q - 5 javelins (quivered)
Armour
 c - a +0 leather armour (worn)
 h - a +0 ring mail
Jewellery
 t - an amulet of magic regeneration (around neck)
Scrolls
 m - a scroll of remove curse
 v - 2 scrolls of identify
Potions
 e - 2 potions of haste
 o - 2 potions of degeneration {unknown}
 p - a potion of agility
 r - a potion of flight {unknown}
 u - a potion of magic {unknown}
 w - a potion of curing {unknown}
Comestibles
 f - 2 bread rations
 g - 3 chunks of flesh


   Skills:
 + Level 2.2 Fighting
 * Level 6.7 Bows
 + Level 1.3 Dodging
 - Level 0.5 Stealth


You had 2 spell levels left.
You didn't know any spells.

Dungeon Overview and Level Annotations

Branches:
Dungeon (2/15)

Altars:

Annotations:
D:2 Robin


Innate Abilities, Weirdness & Mutations

You have hooves in place of feet.
Armour fits poorly on your strangely shaped body.
You cover ground very quickly.
You have extremely tough skin (AC +3).


Message History

There is a stone staircase leading down here.
You miss the adder. Your kick misses the adder.
You feel sick. The adder bites you. The goblin closely misses you.
You hit the adder. Your kick misses the adder.
The adder is heavily wounded.
The adder bites you.
You are lethally poisoned!
The adder poisons you! The goblin closely misses you. The adder bites you.
You barely miss the adder. Your kick misses the adder.
The adder is heavily wounded.
* * * LOW HITPOINT WARNING * * *
You feel sick. The goblin hits you but does no damage.
The adder barely misses you.
You closely miss the adder.
The adder is heavily wounded.
* * * LOW HITPOINT WARNING * * *
You feel sick. The adder bites you.
* * * LOW HITPOINT WARNING * * *
The goblin hits you.
You die...

###.#.'.####..........######.###.
..).#.#..#........###.....#..#...
.##.#.#....⌠.#.#.................
.##.###'#....#.#.#.#######.....##
....#...#..###.#.#..#............
##..#.<.#......#..#..............
##.#############....)...........
#.# #....)..)gS...#...........
#.# #...##...@..####..........
#.# #...##..)...###...........
#(# ##..##....................
#.#####..#####..#....#.........
#.................##..#........
#.###....####...###♣♣.♣♣.......
#.# #..#........## ♣≈.♣.......
#(# ##....####...# ♣♣.♣♣♣......
#.# #....### #...♣ ♣P≈♣♣♣......


You could see an adder and a goblin.

Vanquished Creatures
  A dart slug (D:1)
  3 giant cockroaches (D:1)
  10 goblins
  4 hobgoblins (D:1)
  4 jackals (D:1)
  3 kobolds (D:1)
  5 bats
  A giant newt (D:1)
  A rat (D:1)
  A plant (D:1)
33 creatures vanquished.

Notes
Turn   | Place    | Note
--------------------------------------------------------------
     0 | D:1      | magog001 the Centaur Hunter began the quest for the Orb.
     0 | D:1      | Reached XP level 1. HP: 17/17 MP: 1/1
    52 | D:1      | Reached XP level 2. HP: 21/24 MP: 2/2
    88 | D:1      | Reached skill level 6 in Bows
   335 | D:1      | Reached XP level 3. HP: 29/29 MP: 3/3
   637 | D:2      | Noticed Robin
   875 | D:1      | Slain by a goblin

Skill      XL: |  1  2 |
---------------+-------+-----
Bows           | 6 |  6.7
Fighting       | |  2.2
Dodging        | |  1.3
Stealth        | |  0.5

Action                   || total
-------------------------++-------
Melee: Short sword       ||    61
       Kick              ||    27
 Fire: Shortbow          ||    74
  Use: Scroll            ||     6
Armor: Leather armour    ||    19
Dodge: Dodged            ||    32
